 Dungeon Crawl Stone Soup version 0.29.1-2-gbd0b4ee654 (webtiles) character file.

Game seed: 9432720311355934750

36 GorkyZ the Chopper (level 3, -1/28 HPs)
             Began as a Formicid Gladiator on Nov 25, 2022.
             Slain by Sigmund
             ... wielding a +0 scythe
              (2 damage)
             ... on level 2 of the Dungeon.
             The game lasted 00:02:56 (1407 turns).

GorkyZ the Chopper (Formicid Gladiator)             Turns: 1407, Time: 00:02:57

Health: -1/28      AC:  3    Str: 20    XL:     3   Next: 57%
Magic:  3/3        EV: 12    Int:  7    God:
Gold:   103        SH:  0    Dex: 15    Spells: 2/2 levels left

rFire   . . .      SeeInvis +   a - +0 war axe
rCold   . . .      Faith    .   (no shield)
rNeg    . . .      Spirit   .   b - +0 leather armour
rPois   .          Reflect  .   (helmet unavailable)
rElec   .          Harm     .   (no cloak)
rCorr   .          Rampage  .   (no gloves)
Will    .....                   (no boots)
Stlth   +.........              (no amulet)
HPRegen 0.09/turn               (no ring)
MPRegen 0.08/turn               (no ring)

@: confused
A: permanent stasis, dig shafts and tunnels, antennae 3, four strong arms
a: Dig, Shaft Self


You were on level 2 of the Dungeon.
You visited 1 branch of the dungeon, and saw 2 of its levels.

You collected 103 gold pieces.

Inventory:

Hand Weapons
 a - a +0 war axe (weapon)
Missiles
 c - 3 throwing nets (quivered)
 d - a javelin
Armour
 b - a +0 leather armour (worn)
Jewellery
 i - a ring of wizardry
 m - a +6 ring of dexterity
Scrolls
 e - 2 scrolls of enchant weapon {unknown}
 g - 2 scrolls of enchant armour {unknown}
 h - a scroll of amnesia {unknown}
 k - a scroll of identify {unknown}
Potions
 f - a potion of invisibility {unknown}
 j - a potion of might {unknown}
 l - a potion of degeneration {unknown}
 n - a potion of curing {unknown}


   Skills:
 + Level 2.4 Fighting
 + Level 3.2 Axes
 + Level 2.2 Throwing
 + Level 0.8 Armour
 + Level 3.0 Dodging
 + Level 1.2 Shields
 + Level 1.0 Evocations


You had 2 spell levels left.
You didn't know any spells.
Your spell library contained the following spells:

 Spells                   Type           Power      Damage    Failure   Level
 Magic Dart               Conj           0%         1d3       50%         1
 Searing Ray              Conj           0%         2d4       63%         2
 Confusing Touch          Hex            0%         N/A       86%         3
 Fulminant Prism          Conj/Hex       0%         3d6       99%         4
 Yara's Violent Unravell  Hex/Tmut       0%         3d3       100%        5
 Enfeeble                 Hex            0%         N/A       100%        7


Dungeon Overview and Level Annotations

Branches:
Dungeon (2/15)

Altars:

Annotations:
D:2 Sigmund


Innate Abilities, Weirdness & Mutations

You cannot be hasted, slowed, berserked, paralysed or teleported.
You can dig through walls and to a lower floor.
You have a pair of large antennae on your head. (SInv)
Your four strong arms can wield two-handed weapons with a shield.


Message History

You are too confused!
You bump into the rock wall.
Sigmund barely misses you.
You miss Sigmund. Sigmund gestures at you while chanting.
You are more confused.
Sigmund says, "Your kind have come here before.
I understand now why.
You desire death..."
Sigmund closely misses you. The hobgoblin closely misses you.
Sigmund misses you.
You're too confused to move!
The hobgoblin hits you. Sigmund says, "I'm your fate."
Sigmund closely misses you. The hobgoblin hits you.
Sigmund says, "Your kind have come here before.
I understand now why.
You desire death..."
Sigmund gestures at you while chanting. The puff of flame hits you!
The hobgoblin closely misses you. Sigmund hits you with a +0 scythe.
* * * LOW HITPOINT WARNING * * *
The hobgoblin closely misses you. Sigmund closely misses you.
The hobgoblin hits you but does no damage.
Sigmund barely misses you. The hobgoblin misses you.
You feel less confused. The hobgoblin barely misses you. Sigmund misses you.
The hobgoblin misses you.
You slash the hobgoblin!
You kill the hobgoblin!
Sigmund gestures at you while chanting.
You are confused.
Your Dodging skill increases to level 3!
You bump into the rock wall.
Sigmund misses you.
You bump into the rock wall.
You bump into the rock wall.
Sigmund barely misses you. Sigmund hits you with a +0 scythe.
* * * LOW HITPOINT WARNING * * *
Sigmund attacks as you move away! Sigmund misses you. x2
You feel less confused. Sigmund casts a spell at you.
You are confused.
Sigmund hits you from afar with a +0 scythe.
You die...

.......##........#
.......##..†.....#
#########........#
#####..###
##.##### #......#
#......##
#.@.....#
#...@...#
#.......#
#...........
########.... #...
... ##


You could see Sigmund (invisible).

Vanquished Creatures
  An ufetubus (D:2)
  A dart slug (D:1)
  2 ball pythons
  An endoplasm (D:1)
  A giant cockroach (D:1)
  5 goblins
  3 hobgoblins
  2 quokkas (D:1)
  3 bats (D:1)
  3 frilled lizards
  3 kobolds (D:1)
  2 rats (D:1)
27 creatures vanquished.

Notes
Turn   | Place    | Note
-------+----------+-------------------------------------------
     0 | D:1      | GorkyZ the Formicid Gladiator began the quest for the Orb.
     0 | D:1      | Reached XP level 1. HP: 16/16 MP: 1/1
   157 | D:1      | Reached XP level 2. HP: 22/22 MP: 2/2
   168 | D:1      | Reached skill level 1 in Shields
   542 | D:1      | Reached XP level 3. HP: 27/28 MP: 3/3
  1230 | D:2      | Reached skill level 1 in Evocations
  1381 | D:2      | Noticed Sigmund
  1402 | D:2      | HP: 1/28 [Sigmund/+0 scythe (6)]
  1407 | D:2      | Slain by Sigmund

Illustrated notes

Levels and vault maps discovered:
D:1:      erik_arrival_blinker_ship, layout_loops_ring,
          minmay_misc_feat_hallway, grunt_decor_resistance
D:2:      layout_basic, nicolae_concentric_dashed_squares_mild,
          uniq_crazy_yiuf_cottage, uniq_sigmund

Skill      XL: |  1  2  3 |
---------------+----------+-----
Shields        | 1 |  1.2
Evocations     | 1 |  1.0
Dodging        | 3 |  3.0
Fighting       | |  2.4
Axes           | |  3.2
Throwing       | |  2.2
Armour         | |  0.8

Action                   || total
-------------------------++-------
Melee: War axe           ||    62
 Stab: Sleeping          ||     2
Armor: Leather armour    ||    19
Dodge: Dodged            ||    61
